 Dungeon Crawl Stone Soup version 0.25-a0-1119-g28b6fd0c3b (webtiles) character file.

Game seed: 15788582276587491069, levelgen mode: deterministic

53 Esekla the Magician (level 3, -3/22 HPs)
             Began as an Octopode Wizard on May 18, 2020.
             Killed from afar by Natasha (6 damage)
             ... with a magic dart
             ... on level 2 of the Dungeon.
             The game lasted 00:11:26 (1680 turns).

Esekla the Magician (Octopode Wizard)               Turns: 1680, Time: 00:11:27

Health: -3/22      AC:  1    Str:  7    XL:     3   Next: 89%
Magic:  5/8        EV: 13    Int: 20    God:
Gold:   103        SH:  0    Dex: 10    Spells: 0/9 levels left

rFire    . . .     SeeInvis +   v - +0 dagger (venom)
rCold    . . .     Gourm    .   (no shield)
rNeg     . . .     Faith    .   a - +0 hat
rPois    .         Spirit   .   (no amulet)
rElec    .         Reflect  .   i - ring of see invisible
rCorr    .         Harm     .   j - ring of protection from magic
MR       +....                  (no ring)
Stlth    +++.......             (no ring)
HPRegen  0.07/turn              (no ring)
MPRegen  0.11/turn              (no ring)
                                (no ring)
                                (no ring)

@: no status effects
A: almost no armour, stealthy swim, amphibious, 8 rings, constrict 8, camouflage
1, gelatinous body 1
a: no special abilities


You were on level 2 of the Dungeon.
You were not hungry.

You visited 1 branch of the dungeon, and saw 2 of its levels.

You collected 103 gold pieces.

Inventory:

Hand Weapons
 p - a +0 dagger of protection
 v - a +0 dagger of venom (weapon)
Missiles
 k - 15 poisoned darts (quivered)
Armour
 a - a +0 hat (worn)
Jewellery
 i - a ring of see invisible (left tentacle)
 j - a ring of protection from magic (right tentacle)
Scrolls
 d - 2 scrolls of teleportation {unknown}
 e - 4 scrolls of identify {unknown}
 f - a scroll of remove curse {unknown}
Potions
 b - a potion of curing {unknown}
 g - a potion of brilliance {unknown}
 h - a potion of heal wounds {unknown}
Comestibles
 c - 5 rations


   Skills:
 * Level 0.5 Fighting
 + Level 0.7 Short Blades
 + Level 2.2 Dodging
 - Level 2.6 Stealth
 + Level 3.7 Spellcasting
 + Level 1.3 Conjurations
   Level 1.0 Summonings
 * Level 1.2 Translocations
 * Level 0.4 Air Magic
 * Level 0.7 Poison Magic


You couldn't memorise any spells.
You knew the following spells:

 Your Spells              Type           Power        Failure   Level  Hunger
a - Magic Dart            Conj           #...         8%          1    None
b - Blink                 Tloc           N/A          12%         2    ##.....
c - Mephitic Cloud        Conj/Pois/Air  #.......     28%         3    ###....
f - Conjure Flame         Conj/Fire      #.......     30%         3    ###....

Your spell library contained the following spells:

 Spells                   Type           Power        Failure   Level  Hunger
 Call Imp                 Summ           #.......     13%         2    ##.....
 Slow                     Hex            #.......     21%         2    ##.....


Dungeon Overview and Level Annotations

Branches:
Dungeon (2/15)

Altars:
Fedhas
Qazlal

Annotations:
D:2 Natasha


Innate Abilities, Weirdness & Mutations

You cannot wear most types of armour.
You are very stealthy in the water. (Stealth+)
You are amphibious.
You can wear up to eight rings at the same time.
You can use your tentacles to constrict eight enemies at once.
Your skin changes colour to match your surroundings (Stealth+).
Your rubbery body absorbs attacks. (AC +1, EV +1)


Message History

The goblin hits the hobgoblin with a +0 club.
The goblin is engulfed in noxious fumes.
The goblin appears confused.
The goblin closely misses the hobgoblin.
The hobgoblin is engulfed in noxious fumes.
The hobgoblin misses you.
You barely miss the hobgoblin. You grab the hobgoblin.
The hobgoblin is almost dead.
You constrict the hobgoblin.
You kill the hobgoblin!
The goblin is engulfed in noxious fumes.
The goblin appears confused.
The goblin is engulfed in noxious fumes.
The goblin appears confused.
You hit the goblin.
You kill the goblin!
Natasha is engulfed in noxious fumes.
Natasha stares at you and mumbles some strange words.
The magic dart hits you.
You die...

........#.# #...##.#
........#.# #######.##.#
........#.#### #.....#.....
.............# #.###.####.#
.............# #.# #.#....#
....♣.♣..○g..# #.###.%..###
..♣.....♣.gh## #.....#..###
.........##°# #####.#.%...
.♣.....".♣#@######.%.%...###
.........##.##........######
.♣.......♣#.##.....####.....
#.......##.##.....# #.....
#♣.....♣##.######## #.....
##♣#♣####.####### #.....
##...........# #.....
#............# ##.....
#.####.####..# #).....


You could see Natasha, a hobgoblin and a goblin (confused).

Vanquished Creatures
  An adder (D:2)
  2 worms (D:2)
  4 bats
  A giant cockroach (D:2)
  5 goblins
  5 hobgoblins
  8 jackals
  4 kobolds
  4 rats
34 creatures vanquished.

Notes
Turn   | Place    | Note
-------+----------+-------------------------------------------
     0 | D:1      | Esekla the Octopode Wizard began the quest for the Orb.
     0 | D:1      | Reached XP level 1. HP: 11/11 MP: 4/4
   309 | D:1      | Reached XP level 2. HP: 17/17 MP: 6/6
   321 | D:1      | Learned a level 2 spell: Blink
  1112 | D:2      | Reached XP level 3. HP: 17/21 MP: 6/8
  1133 | D:2      | Learned a level 3 spell: Mephitic Cloud
  1137 | D:2      | Learned a level 3 spell: Conjure Flame
  1151 | D:2      | Found a stormy altar of Qazlal.
  1607 | D:2      | Found a blossoming altar of Fedhas.
  1669 | D:2      | Noticed Natasha
  1680 | D:2      | Killed from afar by Natasha

Illustrated notes

Levels and vault maps discovered:
D:1:      moated_graveyard_arrival, layout_loops_cross
D:2:      layout_basic, nicolae_overflow_crystal_walls, lemuel_round_altar,
          old_standard_altar, serial_forest, infiniplex_forest_end_1,
          infiniplex_forest_lined_ring, infiniplex_forest_corner_2,
          infiniplex_forest_end_2, infiniplex_forest_3_way, minmay_statues_item,
          uniq_natasha, uniq_robin

Action                   || total
-------------------------++-------
Melee: Short sword       ||    22
       Constrict         ||    13
       Dagger            ||    30
       Tentacles         ||     6
 Cast: Magic Dart        ||    38
       Mephitic Cloud    ||     1
 Stab: Sleeping          ||     7
  Eat: Chunk             ||     2
Armor: Skin              ||     6
Dodge: Dodged            ||    43

Table legend:
 A = Non-vault XP
 B = Vault XP
 C = Vault XP percentage of total XP
 D = Non-vault monster count
 E = Vault monster count
 F = Vault count percentage of total count
                 A         B        C        D         E       F
            +---------+---------+-------+---------+---------+-------
      Total |      73 |       4 |   5.2 |      32 |       2 |   5.9
            +---------+---------+-------+---------+---------+-------
        D:1 |      23 |       0 |   0.0 |      13 |       0 |   0.0
        D:2 |      50 |       4 |   7.4 |      19 |       2 |   9.5
            +---------+---------+-------+---------+---------+-------
